 Dungeon Crawl Stone Soup version 0.26.0-16-gc1dbca0489 (webtiles) character file.

Game seed: 12197260239787836983

26925 Kejsarherre the Carver (level 13, -2/91 HPs)
             Began as a Demonspawn Gladiator on Jan 20, 2021.
             Was the Champion of Wu Jian.
             Slain by a polar bear (6 damage)
             ... on level 3 of the Lair of Beasts.
             The game lasted 00:52:15 (16247 turns).

Kejsarherre the Carver (Demonspawn Gladiator)      Turns: 16247, Time: 00:52:16

Health: -2/91      AC: 16    Str: 17    XL:     13   Next: 1%
Magic:  13/13      EV:  7    Int: 10    God:    Wu Jian [******]
Gold:   986        SH: 17    Dex: 17    Spells: 12/12 levels left

rFire    + + +     SeeInvis .   p - +2 double sword (vorpal)
rCold    . . .     Faith    .   D - +2 tower shield {reflect}
rNeg     . . .     Spirit   .   b - +0 fire dragon scales
rPois    .         Reflect  +   (helmet restricted)
rElec    +         Harm     .   r - scarf {repulsion}
rCorr    .         Rampage  .   (no gloves)
Will     .....                  m - +0 pair of boots
Stlth    +.........             E - amulet of regeneration
HPRegen  0.65/turn              e - ring of protection from cold
MPRegen  0.13/turn              z - ring "Gepum" {rElec rF+ Stlth+}

@: repel missiles
A: antennae 1, claws 2, fangs 1, icy blue scales 2, demonic guardian 1, spiny 3,
wild magic 1
a: Renounce Religion, Wall Jump, Serpent's Lash, Heavenly Storm


You were on level 3 of the Lair of Beasts.
You worshipped Wu Jian.
Wu Jian was exalted by your worship.
You visited 2 branches of the dungeon, and saw 15 of its levels.
You also visited: Sewer and Gauntlet.

You collected 986 gold pieces.

Inventory:

Hand Weapons
 p - a +2 vorpal double sword (weapon)
Missiles
 d - 3 throwing nets
 w - 27 javelins (quivered)
Armour
 b - +0 fire dragon scales (worn)
 m - a +0 pair of boots (worn)
 r - a scarf of repulsion (worn)
 D - a +2 tower shield of reflection (worn)
Jewellery
 e - a ring of protection from cold (left claw)
 h - an uncursed amulet of guardian spirit
 i - an uncursed ring of see invisible
 z - the ring "Gepum" (right claw) {rElec rF+ Stlth+}
   (You took it off a minotaur in a Gauntlet)

   [ring of stealth]

   It protects you from fire.
   It insulates you from electricity.
   It makes you more stealthy.
 E - an amulet of regeneration (around neck)
Wands
 c - a wand of random effects (15)
 u - a wand of polymorph (14)
 A - a wand of flame (47)
 F - a wand of digging (5)
Scrolls
 f - 8 scrolls of teleportation
 g - 7 scrolls of blinking
 j - 3 scrolls of remove curse
 q - a scroll of fear
 s - 2 scrolls of amnesia
 x - 5 scrolls of immolation
 y - 3 scrolls of enchant armour
Potions
 a - a potion of flight
 k - a potion of mutation
 l - a potion of magic
 n - a potion of brilliance
 o - 3 potions of attraction
 t - a potion of haste
 v - a potion of cancellation
 G - a potion of curing


   Skills:
 - Level 5.0 Fighting
 - Level 2.0(9.5) Short Blades
 - Level 13.9(14.0) Long Blades
 - Level 1.7 Throwing
 - Level 12.1 Armour
 - Level 2.6 Dodging
 + Level 6.4 Shields


You had 12 spell levels left.
You didn't know any spells.
Your spell library contained the following spells:

 Spells                   Type           Power        Failure   Level
 Animate Skeleton         Necr           0%           100%        1
 Apportation              Tloc           0%           100%        1
 Corona                   Hex            0%           100%        1
 Summon Small Mammal      Summ           0%           100%        1


Dungeon Overview and Level Annotations

Branches:
Dungeon (12/15)            Temple (0/1) D:5            Lair (3/6) D:8
  Sewer (visited)         Gauntlet (visited)
  Swamp: Lair:2-4    Shoals: Lair:2-4     Snake: Lair:2-4    Spider: Lair:2-4
    Orc: D:9-12

Altars:
Cheibriados
Fedhas
Nemelex Xobeh
Ru
Vehumet
Wu Jian
The Shining One

Annotations:
D:4 2 transporters
D:12 Frances


Innate Abilities, Weirdness & Mutations

You have very sharp fingernails.
You are mostly covered in icy blue scales. (AC +3)
A weak demonic guardian rushes to your aid.
You are completely covered in sharp spines.
You have a pair of small antennae on your head.
You have very sharp teeth.
Your spells are a little harder to cast, but a little more powerful.


Message History

You slash the water moccasin!
The water moccasin is almost dead.
You hit the water moccasin but do no damage.
The water moccasin is almost dead.
You repeatedly attack the polar bear from above.
You hit the polar bear but do no damage.
The polar bear is severely wounded.
You slash the polar bear!
The polar bear is almost dead.
The water moccasin is struck by your spines.
You kill the water moccasin!
The Council accepts your kill. The polar bear bites you!!
* * * LOW HITPOINT WARNING * * *
The polar bear claws you but does no damage. x2
The polar bear bites you but does no damage.
You block the polar bear's attack. The polar bear claws you.
* * * LOW HITPOINT WARNING * * *
The polar bear bites you.
You die...

#..#### ##..# ## ###†..###
..## #..#...#+..## ..####
#...........# ##..#.#
#..........## .....####
#...........###+.....#.##.
#............##..⌠.≈≈≈.....
#.............'○h○≈≈.≈.....
##..........#.P○@○≈≈≈.≈≈≈≈.
#.(.......[#.#○°○.≈.≈≈≈≈≈≈
#.......>...+.###≈≈...≈≈≈≈≈
##..........### #..≈.≈≈≈≈≈≈
##.#+.P###P# #.≈≈≈≈≈≈≈≈≈
.## ### #...≈≈≈≈≈≈4)
#P...≈≈≈≈≈?. ##..≈.≈≈≈≈$)
#..≈.≈≈≈≈≈≈


You could see a polar bear (berserk).

Vanquished Creatures
  A dire elephant (Gauntlet)
  A minotaur (Gauntlet)
  A boulder beetle (D:11)
  Harold (D:11)
  A hell beast (Gauntlet)
  Erica (Lair:2)
  2 two-headed ogres
  A queen ant (Lair:2)
  Urug (Lair:2)
  A cyclops (D:9)
  4 elephants
  3 komodo dragons
  A troll (D:11)
  A hornet (D:8)
  2 polar bears (Lair:3)
  8 blink frogs
  A wyvern (D:8)
  27 yaks
  20 soldier ants (Lair:2)
  7 water moccasins
  2 hell hounds (Gauntlet)
  Purgy (Sewer)
  4 ice beasts
  A black bear (D:11)
  3 orc warriors
  3 sky beasts
  2 necrophages (D:8)
  2 phantoms
  3 ogres
  4 centaurs
  4 big kobolds
  9 bullfrogs
  16 killer bees
  Dowan (D:6)
  A scorpion (D:10)
  6 wights
  3 howler monkeys
  3 electric eels
  A bullfrog zombie (D:11)
  A quasit (D:10)
  2 centaur zombies
  7 orc priests
  3 jellies
  3 hounds
  3 iguanas
  A bullfrog skeleton (D:8)
  A centaur skeleton (D:6)
  5 orc wizards
  29 worker ants
  2 worker ant zombies
  8 gnolls
  21 adders
  2 shadow imps
  2 white imps
  2 ufetubi
  2 adder zombies
  An adder skeleton (D:4)
  4 worms
  5 dart slugs
  9 leopard geckos
  34 orcs
  5 bats
  5 giant cockroaches
  5 hobgoblins
  13 jackals
  6 quokkas
  4 ball pythons
  5 frilled lizards
  8 goblins
  28 kobolds
  A leopard gecko skeleton (D:4)
  26 rats
407 creatures vanquished.

Vanquished Creatures (collateral kills)
  A two-headed ogre (D:11)
  An ugly thing (D:10)
  A gargoyle (D:11)
  A cane toad (Lair:2)
  A komodo dragon (Lair:1)
  A blink frog (Lair:1)
  A yak (D:9)
  A basilisk (D:8)
  Duvessa (D:6)
  A sky beast (D:10)
  An orc warrior (D:9)
  2 ice beasts
  A necrophage (D:6)
  An ogre (D:6)
  2 wights (D:6)
  A howler monkey (D:5)
  A hound (D:5)
  2 orc wizards
  4 orcs
25 creatures vanquished.

Vanquished Creatures (others)
  14 demonic plants (Gauntlet)
  9 fungi
  20 plants
43 creatures vanquished.

Grand Total: 475 creatures vanquished

Notes
Turn   | Place    | Note
-------+----------+-------------------------------------------
     0 | D:1      | Kejsarherre the Demonspawn Gladiator began the quest for
                  | the Orb.
     0 | D:1      | Reached XP level 1. HP: 16/16 MP: 1/1
   141 | D:1      | Reached skill level 1 in Short Blades
   141 | D:1      | Gained mutation: You have sharp fingernails. [demonic
                  | ancestry]
   141 | D:1      | Reached XP level 2. HP: 23/23 MP: 2/2
  1155 | D:2      | Reached XP level 3. HP: 18/28 MP: 3/3
  1573 | D:2      | Found an ornate altar of the Wu Jian Council.
  1629 | D:2      | Became a worshipper of the Wu Jian Council
  1743 | D:2      | Gained mutation: You are partially covered in sharp spines.
                  | [demonic ancestry]
  1743 | D:2      | Reached XP level 4. HP: 10/35 MP: 4/4
  2395 | D:3      | Reached skill level 3 in Long Blades
  2557 | D:3      | Reached * piety under Wu Jian
  2858 | D:3      | Reached XP level 5. HP: 27/42 MP: 5/5
  3541 | D:4      | Found a snail-covered altar of Cheibriados.
  3721 | D:4      | Found a blossoming altar of Fedhas.
  3808 | D:4      | Reached ** piety under Wu Jian
  3839 | D:4      | Reached skill level 4 in Long Blades
  3993 | D:4      | Gained mutation: You are partially covered in icy blue
                  | scales. (AC +2) [demonic ancestry]
  3993 | D:4      | Reached XP level 6. HP: 40/49 MP: 6/6
  4133 | D:4      | Found a transporter.
  4338 | D:4      | Found a transporter.
  4512 | D:5      | Entered Level 5 of the Dungeon
  4524 | D:4      | Reached skill level 5 in Fighting
  4524 | D:4      | Reached skill level 1 in Armour
  4573 | D:5      | Found a glowing drain.
  4618 | D:5      | Gained mutation: A weak demonic guardian rushes to your
                  | aid. [demonic ancestry]
  4618 | D:5      | Reached XP level 7. HP: 42/56 MP: 7/7
  4626 | Sewer    | Entered a sewer
  4709 | Sewer    | Noticed Purgy
  4717 | Sewer    | Killed Purgy
  4718 | Sewer    | Reached skill level 5 in Long Blades
  5052 | D:5      | Found a staircase to the Ecumenical Temple.
  5176 | D:5      | Found a sparkling altar of Nemelex Xobeh.
  5454 | D:6      | Noticed Duvessa
  5454 | D:6      | Noticed Dowan
  5640 | D:6      | Killed Dowan
  5641 | D:6      | Reached skill level 6 in Long Blades
  5641 | D:6      | Gained mutation: You are mostly covered in sharp spines.
                  | [demonic ancestry]
  5641 | D:6      | Reached XP level 8. HP: 62/62 MP: 8/8
  5657 | D:6      | Killed Duvessa
  5890 | D:6      | Reached *** piety under Wu Jian
  6263 | D:6      | Reached skill level 5 in Armour
  6545 | D:6      | Reached skill level 7 in Long Blades
  7063 | D:6      | Reached XP level 9. HP: 63/68 MP: 9/9
  7416 | D:7      | Reached skill level 8 in Long Blades
  7971 | D:7      | Reached **** piety under Wu Jian
  8332 | D:7      | Got a warped long sword
  8333 | D:7      | Identified the +6 long sword of Ointment {venom, Str+3
                  | Int+3 Dex+4 Stlth+} (You found it on level 7 of the
                  | Dungeon)
  8630 | D:8      | Reached skill level 9 in Long Blades
  8636 | D:8      | Noticed an elephant
  8824 | D:8      | Found a radiant altar of Vehumet.
  8831 | D:8      | Found a sacrificial altar of Ru.
  8853 | D:8      | Found a staircase to the Lair.
  8864 | D:8      | Killed an elephant
  8865 | D:8      | Reached XP level 10. HP: 69/74 MP: 10/10
  9007 | D:8      | Found a glowing golden altar of the Shining One.
  9068 | D:8      | Gained mutation: You expend magic power (3 MP) to
                  | strengthen your wands. [potion of mutation]
  9068 | D:8      | Gained mutation: You have a pair of small antennae on your
                  | head. [potion of mutation]
  9068 | D:8      | Gained mutation: You can translocate small distances at
                  | will. [potion of mutation]
  9069 | D:8      | Lost mutation: You expend magic power (3 MP) to strengthen
                  | your wands. [potion of mutation]
  9069 | D:8      | Lost mutation: You can translocate small distances at will.
                  | [potion of mutation]
  9069 | D:8      | Gained mutation: You tend to lose your temper in combat.
                  | [potion of mutation]
  9069 | D:8      | Gained mutation: Your spells are a little harder to cast,
                  | but a little more powerful. [potion of mutation]
  9069 | D:8      | Lost mutation: You tend to lose your temper in combat.
                  | [potion of mutation]
  9069 | D:8      | Gained mutation: You have very sharp teeth. [potion of
                  | mutation]
  9121 | D:9      | Noticed a cyclops
  9126 | D:9      | Killed a cyclops
  9534 | D:9      | Reached skill level 10 in Long Blades
 10180 | D:9      | Noticed a two-headed ogre
 10192 | D:9      | Killed a two-headed ogre
 10306 | D:9      | Reached skill level 10 in Armour
 10817 | D:10     | Entered Level 10 of the Dungeon
 10829 | D:9      | Reached skill level 11 in Long Blades
 10830 | D:9      | Gained mutation: You are completely covered in sharp
                  | spines. [demonic ancestry]
 10830 | D:9      | Reached XP level 11. HP: 67/79 MP: 9/11
 10882 | D:10     | Reached ***** piety under Wu Jian
 11240 | D:10     | Noticed a purple ugly thing
 11260 | D:10     | Killed a purple ugly thing
 11750 | D:11     | Noticed Harold
 11751 | D:11     | Noticed a two-headed ogre
 11770 | D:11     | Noticed a boulder beetle
 11787 | D:11     | Killed a boulder beetle
 11933 | D:11     | Killed a two-headed ogre
 12217 | D:11     | Noticed a two-headed ogre
 12227 | D:11     | Killed a two-headed ogre
 12228 | D:11     | Reached skill level 12 in Long Blades
 12344 | D:11     | Killed Harold
 12742 | D:12     | Noticed Frances
 12751 | D:12     | Noticed a soul eater
 13293 | Lair:1   | Entered Level 1 of the Lair of Beasts
 13310 | Lair:1   | Found a gate leading to a gauntlet.
 13322 | Gauntlet | Entered a Gauntlet
 13322 | Gauntlet | Found a transporter.
 13322 | Gauntlet | Found a transporter.
 13322 | Gauntlet | Noticed a wizard
 13325 | Gauntlet | Noticed a hell beast
 13326 | Gauntlet | Found a transporter.
 13326 | Gauntlet | Found a transporter.
 13335 | Gauntlet | Noticed a dire elephant
 13341 | Gauntlet | Found a transporter.
 13404 | Gauntlet | Found a transporter.
 13406 | Gauntlet | Found a large runed translucent door.
 13407 | Gauntlet | Found a large runed translucent door.
 13408 | Gauntlet | Found a large runed translucent door.
 13408 | Gauntlet | Found a large runed translucent door.
 13408 | Gauntlet | Found a runed translucent door.
 13408 | Gauntlet | Found a runed translucent door.
 13409 | Gauntlet | Found a large runed translucent door.
 13410 | Gauntlet | Found a large runed translucent door.
 13411 | Gauntlet | Found a large runed translucent door.
 13411 | Gauntlet | Found a large runed translucent door.
 13412 | Gauntlet | Found a runed translucent gate.
 13412 | Gauntlet | Found a runed translucent gate.
 13412 | Gauntlet | Found a runed translucent gate.
 13414 | Gauntlet | Found a transporter.
 13414 | Gauntlet | Noticed a sixfirhy
 13424 | Gauntlet | Found a large runed translucent door.
 13424 | Gauntlet | Found a large runed translucent door.
 13425 | Gauntlet | Found a large runed translucent door.
 13426 | Gauntlet | Found a large runed translucent door.
 13430 | Gauntlet | Found a transporter.
 13445 | Gauntlet | Found a transporter.
 13455 | Gauntlet | Found a transporter.
 13463 | Gauntlet | Found a transporter.
 13486 | Gauntlet | Found a transporter.
 13497 | Gauntlet | Found a large runed translucent door.
 13498 | Gauntlet | Found a large runed translucent door.
 13499 | Gauntlet | Found a large runed translucent door.
 13499 | Gauntlet | Found a large runed translucent door.
 13538 | Gauntlet | Killed a hell beast
 13546 | Gauntlet | Got a translucent silver ring
 13626 | Gauntlet | Identified the ring "Mongul" {+Blink Will+ Str-3 Int+7
                  | Stlth+} (You found it in a Gauntlet)
 13686 | Gauntlet | Killed a dire elephant
 13687 | Gauntlet | Gained mutation: You have very sharp fingernails. [demonic
                  | ancestry]
 13687 | Gauntlet | Reached XP level 12. HP: 44/86 MP: 12/12
 13737 | Gauntlet | Got a shimmering jade amulet
 13801 | Gauntlet | Identified the amulet "Onwit" {Acrobat Int+5} (You found it
                  | in a Gauntlet)
 13814 | Gauntlet | Identified the +5 scale mail of Caisi {*Drain Dex+3 SInv
                  | Stlth+}
 13814 | Gauntlet | Identified the ring "Gepum" {rElec rF+ Stlth+}
 13814 | Gauntlet | Noticed a minotaur
 13848 | Gauntlet | Killed a minotaur
 14371 | Lair:1   | Reached skill level 1 in Shields
 15023 | Lair:2   | Reached skill level 13 in Long Blades
 15058 | Lair:2   | Noticed a queen ant
 15066 | Lair:2   | Killed a queen ant
 15246 | Lair:2   | Noticed Erica
 15259 | Lair:2   | Killed Erica
 15278 | Lair:2   | Noticed Urug
 15284 | Lair:2   | Reached skill level 5 in Shields
 15318 | Lair:2   | Killed Urug
 15319 | Lair:2   | Reached ****** piety under Wu Jian
 15648 | Lair:2   | Identified a scroll of acquirement
 15649 | Lair:2   | Acquired a +1 vorpal double sword
 15894 | Lair:2   | Acquired a scarf of repulsion
 16231 | Lair:3   | Gained mutation: You are mostly covered in icy blue scales.
                  | (AC +3) [demonic ancestry]
 16231 | Lair:3   | Reached XP level 13. HP: 89/91 MP: 13/13
 16247 | Lair:3   | HP: 4/91 [polar bear (6)]
 16247 | Lair:3   | Slain by a polar bear

Illustrated notes

Levels and vault maps discovered:
D:1:      scummos_arrival_simple_fountains, layout_loops_ring
D:2:      layout_basic, nicolae_overflow_crystal_walls
D:3:      layout_loops_ring
D:4:      gammafunk_steamed_eel, layout_loops_ring, cheibriados_altar_1,
          fedhas_altar_1, hangedman_decor_lopped, minmay_rat_hole
D:5:      layout_cave_pools, minmay_temple_entry_statues_fountains,
          gup_sewer_entry_glass, hangedman_abyss_or_decor_lesser_grid,
          hangedman_decor_riveting, nemelex_lonely_heart_becter
D:6:      layout_gridville, minmay_pentangle, uniq_duvessa
D:7:      layout_loops_ring
D:8:      layout_rooms, amethyst_overflow_temple_binary, tso_oasis_becter,
          david_lair_generic
D:9:      layout_loops_corners, lightli_minifort
D:10:     layout_big_octagon
D:11:     layout_cave_pools, hangedman_glass_teeth, uniq_harold
D:12:     lemuel_reptile_caves, layout_irregular_city, zombieorc2_lemuel,
          uniq_frances
Lair:1:   layout_chaotic_city, gauntlet_entry_generic
Lair:2:   layout_regular_city, minivault_29, serial_bayou_shore_b, uniq_urug,
          uniq_erica
Lair:3:   layout_roguey [special_room_bee], minmay_swamp_entry_swarm,
          ice2_lemuel

Skill      XL: |  1  2  3  4  5  6  7  8  9 10 11 12 |
---------------+-------------------------------------+-----
Short Blades   | 1 2 |  2.0
Fighting       | 3 4 5 |  5.0
Long Blades    | 3 4 6 7 9 11 12 13 | 13.9
Armour         | 2 4 6 8 10 11 12 | 12.1
Shields        | 6 |  6.4
Throwing       | |  1.7
Dodging        | |  2.6

Action                   |  1- 3 |  4- 6 |  7- 9 | 10-12 | 13-15 || total
-------------------------+-------+-------+-------+-------+-------++-------
Melee: Long sword        |   116 |   190 |   216 |   542 |       ||  1064
       Great sword       |       |       |    58 |       |       ||    58
       Bite              |       |       |       |   104 |     3 ||   107
       Double sword      |       |       |       |    60 |    19 ||    79
Throw: Throwing net      |       |     1 |     1 |     3 |       ||     5
       Javelin           |       |       |     4 |     7 |       ||    11
Invok: Lunge             |     1 |    23 |    33 |    62 |       ||   119
       Whirlwind         |       |     4 |     5 |    29 |     3 ||    41
       Serpent's Lash    |       |       |       |     1 |       ||     1
 Abil: Wall Jump         |       |     2 |    17 |    17 |     2 ||    38
Evoke: Wand              |       |       |       |     4 |       ||     4
  Use: Scroll            |     7 |     8 |     3 |    15 |       ||    33
       Potion            |       |     1 |       |     9 |       ||    10
 Stab: Distracted        |     1 |       |     2 |     3 |       ||     6
       Held in net/web   |       |     1 |       |       |       ||     1
       Invisible         |       |       |       |     1 |       ||     1
       Sleeping          |       |       |       |     2 |       ||     2
Armor: Leather armour    |    13 |       |       |       |       ||    13
       Plate armour      |    76 |    54 |       |       |       ||   130
       Scale mail        |       |     9 |       |       |       ||     9
       Fire dragon scale |       |    27 |   113 |   142 |    18 ||   300
       Skin              |       |       |       |     6 |       ||     6
Dodge: Dodged            |    15 |    64 |    98 |   139 |     9 ||   325
Block: Tower shield      |       |       |       |   138 |    27 ||   165
       Rpst.: Long sword |     8 |    19 |    19 |    33 |       ||    79
       Great sword       |       |       |     6 |       |       ||     6
       Double sword      |       |       |       |       |     1 ||     1
